 Dungeon Crawl Stone Soup version 0.32-a0-859-gb0a091d592 (webtiles) character file.

Game seed: 4063625139595770142

2261 epen the Nimble (level 9, -1/100 HPs)
             Began as a Djinni Ice Elementalist on Mar 27, 2024.
             Slain by a shadow (7 damage)
             ... on level 6 of the Dungeon.
             The game lasted 00:18:05 (6263 turns).

epen the Nimble (Djinni Ice Elementalist)           Turns: 6263, Time: 00:18:06

Health: -1/100     AC: 24    Str:  7    XL:     9   Next: 64%
Gold:   264        EV:  2    Int: 22    God:
                   SH:  0    Dex: 13

rFire   . . .        (no weapon)
rCold   . . .        (no shield)
rNeg    . . .        a - melded +1 robe
rPois   ∞            (helmet currently unavailable)
rElec   .            (cloak currently unavailable)
rCorr   .            (gloves currently unavailable)
SInv    .            (boots unavailable)
Will    .....        (no amulet)
Stlth   ++           i - +5 ring of evasion
HPRegen 0.36/turn    (no ring)
MPRegen 0.00/turn

%: infuse magic (-2 HP)
@: tree-form, freezing walls
A: stationary, stasis, torment immunity, boosted hp, sickness immunity, (fire
resistance 2), (cold vulnerability 1), float, innate caster, HP casting, extra
vitality 1
a: no special abilities


You were on level 6 of the Dungeon.
You were a tree.
You visited 1 branch of the dungeon, and saw 7 of its levels.

You collected 264 gold pieces.

Inventory:

Armour
 a - a +1 robe (melded)
Jewellery
 e - an amulet of faith
 i - a +5 ring of evasion (left branch)
 k - a ring of fire
Wands
 o - a wand of quicksilver (5)
Scrolls
 d - a scroll of brand weapon
 f - a scroll of enchant armour
 m - 2 scrolls of teleportation
 n - a scroll of fog
Potions
 b - 2 potions of might
 c - a potion of ambrosia
 g - a potion of attraction
 h - 5 potions of curing
 j - 3 potions of mutation
 r - a potion of heal wounds {unknown}


   Skills:
 + Level 6.9 Fighting
 + Level 8.0 Dodging
 - Level 1.5 Stealth
 + Level 6.5 Spellcasting
 + Level 6.5 Conjurations
 + Level 6.5 Hexes
   Level 0.0 Charms
 + Level 6.5 Summonings
 + Level 6.5 Necromancy
 + Level 6.5 Translocations
   Level 0.0 Transmutations
 + Level 6.5 Fire Magic
 + Level 6.5 Ice Magic
 + Level 6.5 Air Magic
 + Level 6.5 Earth Magic
 + Level 6.5 Alchemy


You knew the following spells:

 Your Spells              Type           Power      Damage    Failure   Level
a - Freeze                Ice            100%       1d10      1%          1
b - Frozen Ramparts       Ice            72%        1d11      1%          3
c - Ozocubu's Armour      Ice            36%        N/A       1%          3
d - Summon Ice Beast      Ice/Summ       36%        N/A       1%          3
e - Magic Dart            Conj           100%       1d8       1%          1
f - Searing Ray           Conj           72%        2d7       1%          2
g - Confusing Touch       Hex            36%        N/A       1%          3
h - Hailstorm             Conj/Ice       36%        3d9       1%          3
Your spell library was empty.

Dungeon Overview and Level Annotations

Branches:
Dungeon (7/15)
 Temple: D:4-7

Altars:
Ashenzari
Dithmenos


Innate Abilities, Weirdness & Mutations

You are a tree.
Your roots penetrate the ground, keeping you stationary.
You cannot be teleported.
You are immune to unholy pain and torment.
Your maximum health is greatly increased.
Your equipment is partially melded.
You are immune to sickness and miasma.
You are immune to poison.
((Your flesh is very heat resistant. (rF++)))
((You are vulnerable to cold. (rC-)))
You float through the air rather than walking.
You learn spells naturally, not from books.
Your magical power is your life essence.
You have superior vitality. (+4 MHP)


Message History

The wall freezes the shadow but does no damage.
The shadow slips into darkness.
The shadow flickers and vanishes!
Deactivating autopickup; reactivate with Ctrl-A.
Casting: Freeze (safe; 1% risk of failure)
Confirm with . or Enter, or press ? or * to list all spells.
You can't see any susceptible monsters within range! (Use Z to cast anyway.) Unknown command.
Casting: Freeze (safe; 1% risk of failure)
Confirm with . or Enter, or press ? or * to list all spells.
Aiming: Freeze (safe; 1% risk of failure)
Press: ? - help, Shift-Dir - straight line You freeze something but do no damage.
The wall freezes something but does no damage.
The shadow strikes at you from the darkness!
* * * LOW HITPOINT WARNING * * *
Reactivating autopickup.
You feel better.
The shadow completely resists.
The wall freezes the shadow but does no damage.
The shadow completely misses you.
Okay, then.
You turn into a tree.
Your +1 robe melds into your body.
Your roots penetrate the ground.
The shadow completely resists.
The wall freezes the shadow but does no damage.
The shadow slips into darkness.
The shadow flickers and vanishes!
Deactivating autopickup; reactivate with Ctrl-A.
You cannot move.
You cannot move.
You hit something.
The wall freezes something but does no damage.
The shadow strikes at you from the darkness!
* * * LOW HITPOINT WARNING * * *
Reactivating autopickup.
You hit the shadow.
The shadow is moderately damaged.
The shadow completely resists.
The wall freezes the shadow but does no damage.
The shadow hits you!
You die...

.....###.....## ##....##
#..### ............##
#.....## ##.##.
...........## #......##
#.... #...###....#
#..#....## #.... ..###
#....# #####..##....###....
..## #....#
#.....####.......... ...##
##...# ##†#### ##..........
....####...# #)##
##.....###### #.....##...#
#.#♣# #.....†# #
##.........######W.##..##..#
##..........# .#.#####..#
#...........# .# # #..#
...........)# #. #..#
............# ##### #..#
..........### #...## #..#
..<.....### ##...# #..##
........# ##..#####...#####


You could see a shadow.

Vanquished Creatures
  An acid dragon (D:6)
  3 ice beasts
  3 ogres
  A phantom (D:5)
  3 scorpions
  6 killer bees (D:5)
  A bombardier beetle (D:5)
  A howler monkey (D:6)
  An orc priest (D:6)
  A sleepcap (D:4)
  3 iguanas
  2 orc wizards
  5 adders
  6 gnolls (D:5)
  A white imp (D:4)
  A dart slug (D:1)
  9 orcs
  10 ball pythons
  4 endoplasms
  3 giant cockroaches
  9 goblins
  6 hobgoblins
  4 jackals
  3 quokkas
  11 bats
  3 frilled lizards
  8 kobolds
  8 rats
117 creatures vanquished.

Vanquished Creatures (collateral kills)
  A steam dragon (D:6)
  A black bear (D:5)
  A sky beast (D:7)
  An ogre (D:4)
  A centaur (D:5)
  A bombardier beetle (D:5)
  A jelly (D:6)
  A gnoll bouda (D:5)
  An iguana (D:4)
  An orc wizard (D:4)
  2 gnolls (D:5)
  An adder (D:5)
  A dart slug (D:4)
  2 orcs (D:4)
  A goblin (D:4)
  A jackal (D:4)
18 creatures vanquished.

Grand Total: 135 creatures vanquished

Notes
Turn   | Place    | Note
-------+----------+-------------------------------------------
     0 | D:1      | epen the Djinni Ice Elementalist began the quest for the
                  | Orb.
     0 | D:1      | epen set off with the following spells memorised: Freeze,
                  | Frozen Ramparts, Ozocubu's Armour, Summon Ice Beast.
     0 | D:1      | Reached XP level 1. HP: 15/15 MP: 0/0
   126 | D:1      | Reached XP level 2. HP: 10/22 MP: 0/0
   339 | D:1      | Found a faded altar of an unknown god.
   427 | D:1      | Reached skill level 1 in Fighting
   678 | D:1      | Reached XP level 3. HP: 22/27 MP: 0/0
   678 | D:1      | Learned a level 1 spell: Magic Dart
  1085 | D:2      | Reached skill level 3 in Dodging
  1163 | D:2      | Reached XP level 4. HP: 31/32 MP: 0/0
  2338 | D:4      | Noticed an ogre
  2346 | D:4      | Killed an ogre
  2347 | D:4      | Reached XP level 5. HP: 33/39 MP: 0/0
  2347 | D:4      | Learned a level 2 spell: Searing Ray
  2367 | D:4      | Reached skill level 4 in Dodging
  2367 | D:4      | Reached XP level 6. HP: 34/45 MP: 0/0
  2723 | D:4      | Noticed an ice beast
  2764 | D:4      | Killed an ice beast
  2854 | D:4      | Noticed an ogre
  2860 | D:4      | Killed an ogre
  2861 | D:4      | Reached XP level 7. HP: 46/51 MP: 0/0
  2861 | D:4      | Learned a level 3 spell: Confusing Touch
  2972 | D:4      | Reached skill level 5 in Dodging
  3113 | D:4      | Found a shadowy altar of Dithmenos.
  3583 | D:5      | Entered Level 5 of the Dungeon
  3611 | D:5      | Reached skill level 5 in Spellcasting
  3611 | D:5      | Reached skill level 5 in Conjurations
  3611 | D:5      | Reached skill level 5 in Hexes
  3611 | D:5      | Reached skill level 5 in Summonings
  3611 | D:5      | Reached skill level 5 in Necromancy
  3611 | D:5      | Reached skill level 5 in Translocations
  3611 | D:5      | Reached skill level 5 in Fire Magic
  3611 | D:5      | Reached skill level 5 in Ice Magic
  3611 | D:5      | Reached skill level 5 in Air Magic
  3611 | D:5      | Reached skill level 5 in Earth Magic
  3611 | D:5      | Reached skill level 5 in Alchemy
  3689 | D:5      | Reached XP level 8. HP: 18/58 MP: 0/0
  3810 | D:5      | HP: 2/58 [ice beast (18)]
  4080 | D:5      | Reached skill level 6 in Dodging
  4134 | D:5      | Reached skill level 5 in Fighting
  4675 | D:5      | Reached XP level 9. HP: 62/66 MP: 0/0
  4675 | D:5      | Learned a level 3 spell: Hailstorm
  4841 | D:5      | Reached skill level 7 in Dodging
  4919 | D:5      | Found a broken altar of Ashenzari.
  5945 | D:6      | You are sucked into a shaft and drop 1 floor!
  6248 | D:6      | Reached skill level 8 in Dodging
  6263 | D:6      | Slain by a shadow

Illustrated notes

Levels and vault maps discovered:
D:1:      minmay_arrival_doors, layout_loops_cross, basic_ecumenical_altar,
          minmay_misc_feat_ornament, skrybe_limestone_x
D:2:      layout_loops_cross, hangedman_decor_lopped
D:3:      layout_loops_cross
D:4:      layout_gridville, nicolae_dithmenos_shadow_blocks, lemuel_round_altar,
          nzn_random_ring
D:5:      layout_cave_pods, mainiacjoe_overflow_six_doors_small
D:6:      minmay_cornered_nines, layout_layer_cave
D:7:      layout_rooms, nzn_wu_jian_contemplation, minmay_temple_entry_trees,
          gammafunk_ghost_nasty_kobolds, minivault_23, minmay_shop_chei

Skill      XL: |  1  2  3  4  5  6  7  8  9 |
---------------+----------------------------+-----
Fighting       | 1 2 3 4 5 6 |  6.9
Dodging        | 3 4 5 6 8 |  8.0
Spellcasting   | 4 5 6 |  6.5
Conjurations   | 4 5 6 |  6.5
Hexes          | 4 5 6 |  6.5
Summonings     | 4 5 6 |  6.5
Necromancy     | 4 5 6 |  6.5
Translocations | 4 5 6 |  6.5
Fire Magic     | 4 5 6 |  6.5
Ice Magic      | 4 5 6 |  6.5
Air Magic      | 4 5 6 |  6.5
Earth Magic    | 4 5 6 |  6.5
Alchemy        | 4 5 6 |  6.5
Stealth        | |  1.5

Action                     |  1- 3 |  4- 6 |  7- 9 || total
---------------------------+-------+-------+-------++-------
  Melee: Unarmed           |    89 |     2 |    58 ||   149
         Punch             |     2 |       |     1 ||     3
   Cast: Freeze            |    34 |     2 |    24 ||    60
         Magic Dart        |     1 |    67 |   111 ||   179
         Frozen Ramparts   |     1 |     1 |    13 ||    15
         Summon Ice Beast  |       |     4 |    18 ||    22
         Searing Ray       |       |     9 |     6 ||    15
         Confusing Touch   |       |       |     1 ||     1
         Ozocubu's Armour  |       |       |     1 ||     1
         Hailstorm         |       |       |     3 ||     3
    Use: Scroll            |     5 |     2 |     7 ||    14
         Potion            |       |       |     3 ||     3
   Stab: Sleeping          |     5 |       |       ||     5
 Armour: Robe              |    83 |     5 |    53 ||   141
         Skin              |       |       |     2 ||     2
  Dodge: Dodged            |   106 |     5 |   101 ||   212

Table legend: (Time is in decaauts)
 A = Elapsed time spent in this place.
 B = Non-inter-level travel time spent in this place.
 C = Inter-level travel time spent in this place.
 D = Time resting spent in this place.
 E = Time spent auto-exploring this place.
 F = Levels seen in this place.
 G = Mean time per level.
                   A        B        C        D        E       F      G
               +--------+--------+--------+--------+--------+-----+--------+
         Total |   6261 |   6156 |    105 |    746 |   4457 |   7 |  894.4 |
       Dungeon |   6261 |   6156 |    105 |    746 |   4457 |   7 |  894.4 |
               +--------+--------+--------+--------+--------+-----+--------+

Top non-repeatable levels by time:
     D:5: 1460 daAuts
     D:4: 1248 daAuts
     D:6: 1198 daAuts
     D:1: 1033 daAuts
     D:2: 665 daAuts
     D:3: 634 daAuts
     D:7: 20 daAuts
